MID
BINGHAMTON METS @ HAGERSTOWN SUNS
09/06/2048
 
TOP OF THE 1ST
Binghamton Mets batting - Pitching for Hagerstown Suns : LHP Peni Keli'i
Pitching: LHP Peni Keli'i
Batting: RHB Oscar Bravo 0-0: SINGLE (Groundball, 25, EV 66.9 MPH) (infield hit)
Batting: SHB Jason Evans 0-0: Fielders Choice at 2nd, 4-6 (Groundball, 4, EV 88.1 MPH)
Batting: LHB Bayesa Mundhir 0-0: Swinging Strike
Jason Evans is caught stealing 2nd base 2-6
0-1: Foul Ball, location: 2F
0-2: Strikes out swinging
Top of the 1st over - 0 runs, 1 hit, 0 errors, 0 left on base; Binghamton 0 - Hagerstown 0
BOTTOM OF THE 1ST
Hagerstown Suns batting - Pitching for Binghamton Mets : RHP Ryan Stegall
Pitching: RHP Ryan Stegall
Batting: RHB Bobby Bricker 0-0: Ball
1-0: Ball
2-0: Foul Ball, location: 2F
2-1: SOLO HOME RUN (Line Drive, 7D, EV 98.1 MPH), Distance : 396 ft
Batting: RHB Antonio Vallez 0-0: Ball
1-0: Called Strike
1-1: Ball
2-1: Called Strike
2-2: Strikes out swinging
Batting: LHB Chris Williams 0-0: Ball
1-0: Called Strike
1-1: Called Strike
1-2: Strikes out swinging
Batting: RHB Deshawn Boseman 0-0: SINGLE (Groundball, 5L, EV 96.2 MPH) (infield hit)
Batting: RHB Steve Bauman 0-0: Ground out 4-3 (Groundball, 4, EV 85.0 MPH)
Bottom of the 1st over - 1 run, 2 hits, 0 errors, 1 left on base; Binghamton 0 - Hagerstown 1
TOP OF THE 2ND
Binghamton Mets batting - Pitching for Hagerstown Suns : LHP Peni Keli'i
Batting: RHB Mike Hanks 0-0: Ball
1-0: Called Strike
1-1: Ground out 5-3 (Groundball, 56, EV 90.0 MPH)
Batting: RHB Nate Henderson 0-0: Called Strike
0-1: Ball
1-1: SOLO HOME RUN (Flyball, 7LD, EV 94.4 MPH), Distance : 373 ft
Batting: RHB Jake Geib 0-0: Ball
1-0: Foul Ball, location: 2F
1-1: Foul Ball, location: 2F
1-2: Ball
2-2: Fly out, F7 (Flyball, 78S, EV 91.9 MPH)
Batting: SHB Jerry Burrows 0-0: Ball
1-0: Ground out 6-3 (Groundball, 6M, EV 76.9 MPH)
Top of the 2nd over - 1 run, 1 hit, 0 errors, 0 left on base; Binghamton 1 - Hagerstown 1
BOTTOM OF THE 2ND
Hagerstown Suns batting - Pitching for Binghamton Mets : RHP Ryan Stegall
Batting: LHB Adam Lancaster 0-0: Ball
1-0: Foul Ball, location: 2F
1-1: Swinging Strike
1-2: Foul Ball, location: 2F
1-2: Ball
2-2: Strikes out swinging
Batting: RHB Joe Young 0-0: Called Strike
0-1: Ball
1-1: Foul Ball, location: 2F
1-2: SINGLE (Groundball, 56D, EV 95.0 MPH)
Batting: SHB Alex Medina 0-0: Called Strike
0-1: Called Strike
0-2: Ball
1-2: Ball
2-2: Ball
3-2: Strikes out swinging
Batting: LHB Bobby Adams 0-0: DOUBLE (Groundball, 3L, EV 101.2 MPH)
Joe Young to third
Batting: RHB Bobby Bricker 0-0: Ball
1-0: Ball
Wild Pitch!
Joe Young scores
Bobby Adams to third
2-0: Swinging Strike
2-1: Called Strike
2-2: Ground out 6-3 (Groundball, 6, EV 86.2 MPH)
Bottom of the 2nd over - 1 run, 2 hits, 0 errors, 1 left on base; Binghamton 1 - Hagerstown 2
TOP OF THE 3RD
Binghamton Mets batting - Pitching for Hagerstown Suns : LHP Peni Keli'i
Batting: LHB Zane Kelton 0-0: Ball
1-0: Ball
2-0: Called Strike
2-1: Fly out, F3 (Line Drive, 3, EV 74.4 MPH)
Batting: LHB Jamel Alexander 0-0: Swinging Strike
0-1: Ground out 6-3 (Groundball, 6, EV 91.2 MPH)
Batting: RHB Oscar Bravo 0-0: Called Strike
0-1: Foul Ball, location: 2F
0-2: Ball
1-2: Foul Ball, location: 2F
1-2: Ball
2-2: Ball
3-2: Strikes out swinging
Top of the 3rd over - 0 runs, 0 hits, 0 errors, 0 left on base; Binghamton 1 - Hagerstown 2
BOTTOM OF THE 3RD
Hagerstown Suns batting - Pitching for Binghamton Mets : RHP Ryan Stegall
Batting: RHB Antonio Vallez 0-0: Foul Ball, location: 2F
0-1: Bunt missed!
0-2: Foul Ball, location: 2F
0-2: Ball
1-2: Ball
2-2: Ball
3-2: SINGLE (Groundball, 5S, EV 64.4 MPH) (infield hit)
Batting: LHB Chris Williams 0-0: Foul Ball, location: 2F
0-1: Ball
1-1: Swinging Strike
1-2: Ball
2-2: Ball
3-2: Grounds into double play, 6-4-3 (Groundball, 6, EV 83.1 MPH)
Batting: RHB Deshawn Boseman 0-0: Called Strike
0-1: Swinging Strike
0-2: Foul Ball, location: 2F
0-2: Ground out 6-3 (Groundball, 4MS, EV 66.2 MPH)
Bottom of the 3rd over - 0 runs, 1 hit, 0 errors, 0 left on base; Binghamton 1 - Hagerstown 2
TOP OF THE 4TH
Binghamton Mets batting - Pitching for Hagerstown Suns : LHP Peni Keli'i
Batting: SHB Jason Evans 0-0: Ball
1-0: SINGLE (Groundball, 5S, EV 69.4 MPH) (infield hit)
Batting: LHB Bayesa Mundhir 0-0: Ball
1-0: Called Strike
1-1: Ball
2-1: Called Strike
2-2: Grounds into double play, 1-6-3 (Groundball, 34S, EV 70.0 MPH)
Batting: RHB Mike Hanks 0-0: Called Strike
0-1: Called Strike
0-2: Ball
1-2: Ball
2-2: Ball
3-2: Foul Ball, location: 2F
3-2: Strikes out swinging
Top of the 4th over - 0 runs, 1 hit, 0 errors, 0 left on base; Binghamton 1 - Hagerstown 2
BOTTOM OF THE 4TH
Hagerstown Suns batting - Pitching for Binghamton Mets : RHP Ryan Stegall
Batting: RHB Steve Bauman 0-0: Swinging Strike
0-1: Ground out 4-3 (Groundball, 4, EV 85.0 MPH)
Batting: LHB Adam Lancaster 0-0: Ball
1-0: Swinging Strike
1-1: Ball
2-1: Ground out 4-3 (Groundball, 4, EV 101.2 MPH)
Batting: RHB Joe Young 0-0: Called Strike
0-1: Fly out, F8 (Flyball, 8LM, EV 91.2 MPH)
Bottom of the 4th over - 0 runs, 0 hits, 0 errors, 0 left on base; Binghamton 1 - Hagerstown 2
TOP OF THE 5TH
Binghamton Mets batting - Pitching for Hagerstown Suns : LHP Peni Keli'i
Batting: RHB Nate Henderson 0-0: Foul Ball, location: 2F
0-1: Ball
1-1: Ground out U3 (Groundball, 3, EV 88.1 MPH)
Batting: RHB Jake Geib 0-0: Called Strike
0-1: Ball
1-1: Ball
2-1: Ball
3-1: Called Strike
3-2: SINGLE (Flyball, 8RS, EV 96.2 MPH)
Batting: SHB Jerry Burrows 0-0: Swinging Strike
0-1: Ball
1-1: Swinging Strike
1-2: Strikes out swinging
Batting: LHB Zane Kelton 0-0: Foul Ball, location: 2F
0-1: Called Strike
0-2: Ball
1-2: Ball
2-2: Strikes out swinging
Top of the 5th over - 0 runs, 1 hit, 0 errors, 1 left on base; Binghamton 1 - Hagerstown 2
BOTTOM OF THE 5TH
Hagerstown Suns batting - Pitching for Binghamton Mets : RHP Ryan Stegall
Batting: SHB Alex Medina 0-0: Swinging Strike
0-1: Swinging Strike
0-2: Strikes out swinging
Batting: LHB Bobby Adams 0-0: Hit by Pitch
Batting: RHB Bobby Bricker 0-0: Called Strike
Bobby Adams steals 2nd base
0-1: Ball
1-1: Ball
2-1: Foul Ball, location: 2F
2-2: Fly out, F8 (Flyball, 8LD, EV 78.8 MPH)
Runner from 2nd tags up, OUT at 3rd! 8-5
Bottom of the 5th over - 0 runs, 0 hits, 0 errors, 0 left on base; Binghamton 1 - Hagerstown 2
TOP OF THE 6TH
Binghamton Mets batting - Pitching for Hagerstown Suns : LHP Peni Keli'i
Batting: LHB Jamel Alexander 0-0: Called Strike
0-1: Ball
1-1: Ball
2-1: Fly out, F8 (Flyball, 8RD, EV 98.8 MPH)
Batting: RHB Oscar Bravo 0-0: SINGLE (Line Drive, 7S, EV 101.9 MPH)
Batting: SHB Jason Evans 0-0: Ball
Oscar Bravo is caught stealing 2nd base 2-4
1-0: Called Strike
1-1: Foul Ball, location: 2F
1-2: Strikes out swinging
Top of the 6th over - 0 runs, 1 hit, 0 errors, 0 left on base; Binghamton 1 - Hagerstown 2
BOTTOM OF THE 6TH
Hagerstown Suns batting - Pitching for Binghamton Mets : RHP Ryan Stegall
Batting: RHB Antonio Vallez 0-0: Ball
1-0: Ball
2-0: Swinging Strike
2-1: Swinging Strike
2-2: Strikes out swinging
Batting: LHB Chris Williams 0-0: Ground out 4-3 (Groundball, 4M, EV 106.2 MPH)
Batting: RHB Deshawn Boseman 0-0: Foul Ball, location: 2F
0-1: Called Strike
0-2: Fly out, F9 (Line Drive, 9, EV 103.1 MPH)
Bottom of the 6th over - 0 runs, 0 hits, 0 errors, 0 left on base; Binghamton 1 - Hagerstown 2
TOP OF THE 7TH
Binghamton Mets batting - Pitching for Hagerstown Suns : LHP Peni Keli'i
Batting: LHB Bayesa Mundhir 0-0: Ball
1-0: Swinging Strike
1-1: Ball
2-1: Ball
3-1: Base on Balls
Batting: RHB Mike Hanks 0-0: Called Strike
0-1: Ball
1-1: Foul Ball, location: 2F
1-2: Strikes out swinging
Batting: RHB Nate Henderson 0-0: Ball
1-0: Ball
2-0: Foul Ball, location: 2F
2-1: Ball
3-1: Base on Balls
Bayesa Mundhir to second
Batting: RHB Jake Geib 0-0: Ball
1-0: Foul Ball, location: 2F
1-1: Called Strike
1-2: Ball
2-2: Strikes out looking
Pitching: RHP Bastien Perrini
Batting: SHB Jerry Burrows 0-0: Ball
1-0: Fielders Choice at 2nd, 6-4 (Groundball, 4M, EV 80.0 MPH)
Top of the 7th over - 0 runs, 0 hits, 0 errors, 2 left on base; Binghamton 1 - Hagerstown 2
BOTTOM OF THE 7TH
Hagerstown Suns batting - Pitching for Binghamton Mets : RHP Ryan Stegall
Pinch Hitting: LHB Chance McWilliams 0-0: Ball
1-0: Ball
2-0: Ball
3-0: Called Strike
3-1: Base on Balls
Batting: LHB Adam Lancaster 0-0: Foul Ball, location: 2F
0-1: SINGLE (Groundball, 34, EV 99.4 MPH)
Chance McWilliams to second
Throwing error, E9
Chance McWilliams scores
Adam Lancaster to second
Batting: RHB Joe Young 0-0: Ball
1-0: Ball
2-0: Called Strike
2-1: Swinging Strike
2-2: Foul Ball, location: 2F
2-2: Foul Ball, location: 2F
2-2: Foul Ball, location: 2F
2-2: Ball
3-2: Ground out 6-3 (Groundball, 6, EV 85.6 MPH)
Adam Lancaster to third
Batting: SHB Alex Medina 0-0: Ball
1-0: Called Strike
1-1: Ball
2-1: SINGLE (Groundball, 34D, EV 99.4 MPH)
Adam Lancaster scores
Batting: LHB Bobby Adams 0-0: Swinging Strike
0-1: Called Strike
0-2: Ball
Wild Pitch!
Alex Medina to second
1-2: Ground out 4-3 (Groundball, 34, EV 98.8 MPH)
Alex Medina to third
Pitching: RHP Mike Mojica
Batting: RHB Bobby Bricker 0-0: Called Strike
0-1: Ball
1-1: Ground out 5-3 (Groundball, 56S, EV 76.2 MPH)
Bottom of the 7th over - 2 runs, 2 hits, 1 error, 1 left on base; Binghamton 1 - Hagerstown 4
TOP OF THE 8TH
Binghamton Mets batting - Pitching for Hagerstown Suns : RHP Bastien Perrini
Now in LF: Chance McWilliams
Now in RF: Deshawn Boseman
Batting: LHB Zane Kelton 0-0: Ball
1-0: Foul Ball, location: 2F
1-1: Foul Ball, location: 2F
1-2: Ball
2-2: DOUBLE (Line Drive, 89D, EV 92.5 MPH)
Batting: LHB Jamel Alexander 0-0: Ball
1-0: Ball
2-0: Called Strike
2-1: Foul Ball, location: 2F
2-2: Foul Ball, location: 2F
2-2: Foul Ball, location: 2F
2-2: Foul Ball, location: 2F
2-2: Strikes out swinging
Pinch Hitting: LHB Dan Bremseth 0-0: Foul Ball, location: 2F
0-1: Ball
1-1: Ball
2-1: SINGLE (Line Drive, 78S, EV 95.6 MPH)
Zane Kelton to third
Runner from 3rd tries for Home, SAFE, throw by LF to home
Batting: SHB Jason Evans 0-0: Swinging Strike
0-1: 2-RUN HOME RUN (Flyball, 89XD, EV 103.1 MPH), Distance : 397 ft
Pitching: LHP Kevin Besser
Batting: LHB Bayesa Mundhir 0-0: Ball
1-0: Foul Ball, location: 2F
1-1: Called Strike
1-2: Foul Ball, location: 2F
1-2: Strikes out swinging, 2-3 out at first.
Batting: RHB Mike Hanks 0-0: Swinging Strike
0-1: Swinging Strike
0-2: Foul Ball, location: 2F
0-2: Ball
1-2: Strikes out swinging
Top of the 8th over - 3 runs, 3 hits, 0 errors, 0 left on base; Binghamton 4 - Hagerstown 4
BOTTOM OF THE 8TH
Hagerstown Suns batting - Pitching for Binghamton Mets : RHP Mike Mojica
Now at 3B: Gang-sheng Chew
Now at SS: Jason Evans
Batting: RHB Antonio Vallez 0-0: Ground out U3 (Groundball, 34, EV 100.0 MPH)
Batting: LHB Chris Williams 0-0: Called Strike
0-1: Ball
1-1: Called Strike
1-2: Reached on error, E3 (Groundball, 3, EV 85.0 MPH)
Batting: RHB Deshawn Boseman 0-0: Ball
1-0: Called Strike
Chris Williams steals 2nd base (no throw)
1-1: SINGLE (Line Drive, 6MD, EV 93.8 MPH)
Chris Williams to third
Runner from 3rd tries for Home, SAFE, throw by CF to home
Batting: LHB Chance McWilliams 0-0: Ball
1-0: Called Strike
1-1: Grounds out, U3 (Groundball, 3L, EV 103.8 MPH)
Batting: LHB Adam Lancaster 0-0: Ball
1-0: Fly out, F8 (Flyball, 8LD, EV 95.0 MPH)
Bottom of the 8th over - 1 run, 1 hit, 1 error, 1 left on base; Binghamton 4 - Hagerstown 5
TOP OF THE 9TH
Binghamton Mets batting - Pitching for Hagerstown Suns : LHP Kevin Besser
Pitching: RHP Jordan Amaker
Batting: RHB Nate Henderson 0-0: Called Strike
0-1: Called Strike
0-2: Ball
1-2: Strikes out looking
Batting: RHB Jake Geib 0-0: Ball
1-0: Foul Ball, location: 2F
1-1: Swinging Strike
1-2: Ball
2-2: Fly out, F8 (Flyball, 8LXD, EV 94.4 MPH)
Batting: SHB Jerry Burrows 0-0: Ball
1-0: Ball
2-0: Called Strike
2-1: Called Strike
2-2: Ball
3-2: Strikes out swinging
Top of the 9th over - 0 runs, 0 hits, 0 errors, 0 left on base; Binghamton 4 - Hagerstown 5
Tuesday, March 28th , 2023 - OOTP Baseball 23.10 Build 110